AoeStats
← joeharry10

Lombardia

507713124Analyzed
4v4 RM · 12d ago on Sep 19, 2026· 40m 40s· 8 players
Game mode
Random Map
Map size
Large (8 player)
Population
200
Speed
Normal
Resources
Standard
Victory
Conquest
Starting age
Dark Age
Ending age
Imperial Age
RankedLock teamsTeams togetherTeam positionsShared explorationLock speedFull tech treeHidden civsTurbo modeCheats
Victory
Defeat
🇲🇦 Poles · Morocco
1818
+10
🇬🇧 Dravidians · United Kingdom
1705
+14
🇨🇿 Ethiopians · Czechia
1673
+15
🇻🇳 Slavs · Vietnam
1629
+17
1780
-18
🇺🇸 Goths · United States
1654
-14
🇫🇷 Turks · France
1653
-14
🇺🇸 Bohemians · United States
1567
-10
Koti
9:14 Loom
11:58 Feudal Age
15:59 Castle Age
14:12 Double-Bit Axe
15:09 Gold Mining
17:03 Bow Saw
17:35 Wheelbarrow
17:31 Stone Mining
20:27 Padded Archer Armor
24:54 Leather Archer Armor
28:28 Hand Cart
27:54 Horse Collar
30:08 Town Watch
33:32 Imperial Age
31:43 Fortified Wall
32:36 Fletching
32:59 Heavy Plow
33:32 Scale Barding Armor
33:37 Forging
35:06 Chain Barding Armor
35:49 Ring Archer Armor
35:41 Conscription
35:23 Artillery
36:46 Husbandry
36:57 Bloodlines
36:14 Heavy Camel Rider
37:48 Plate Barding Armor
Chris
10:00 Loom
11:46 Feudal Age
12:25 Town Watch
15:42 Castle Age
14:30 Double-Bit Axe
14:25 Horse Collar
24:46 Wheelbarrow
24:27 Bow Saw
27:57 Gold Mining
31:20 Imperial Age
30:26 Hand Cart
30:16 Scale Mail Armor
30:26 Forging
31:21 Anarchy
32:03 Perfusion
32:23 Conscription
32:21 Chain Mail Armor
32:41 Iron Casting
31:53 Elite Huskarl
32:37 Squires
33:52 Pikeman
38:31 Blast Furnace
37:56 Fletching
40:50 Bodkin Arrow
Bread Pudding With Bum Sauce
7:00 Loom
9:15 Feudal Age
9:54 Double-Bit Axe
12:03 Wheelbarrow
19:22 Castle Age
18:29 Forging
20:15 Bow Saw
20:00 Light Cavalry
20:47 Scale Barding Armor
21:08 Domestication
25:28 Husbandry
29:18 Gold Mining
30:03 Hand Cart
33:31 Imperial Age
31:40 Chain Barding Armor
31:56 Iron Casting
32:07 Iron Casting
31:44 Caravan
33:51 Fortified Wall
35:34 Plate Barding Armor
34:20 Elite Steppe Lancer
35:52 Conscription
35:53 Ordo Cavalry
38:11 Ballistics
37:42 Fletching
joeharry10
7:53 Loom
10:17 Feudal Age
10:49 Double-Bit Axe
11:59 Horse Collar
13:47 Fletching
18:55 Castle Age
20:18 Bow Saw
25:54 Wheelbarrow
25:32 Fervor
30:34 Imperial Age
28:40 Masonry
28:55 Heavy Plow
28:32 Pikeman
29:15 Scale Mail Armor
29:26 Forging
29:32 Squires
30:24 Chain Mail Armor
31:16 Chemistry
32:05 Iron Casting
32:09 Hand Cart
32:24 Plate Mail Armor
33:34 Halberdier
34:56 Bodkin Arrow
38:43 Blast Furnace
Franczesco
8:24 Loom
11:01 Feudal Age
14:57 Castle Age
13:04 Double-Bit Axe
13:14 Horse Collar
15:59 Bow Saw
17:14 Wheelbarrow
16:47 Gold Mining
21:33 Hand Cart
21:57 Town Watch
23:03 Stone Mining
26:52 Gold Shaft Mining
26:20 Heavy Plow
29:24 Imperial Age
28:14 Masonry
28:09 Caravan
29:26 Scale Mail Armor
30:16 Siege Engineers
31:14 Chemistry
30:20 Siege Engineers
30:21 Royal Heirs
30:24 Torsion Engines
31:43 Two-Man Saw
30:26 Capped Ram
32:45 Siege Engineers
34:40 Ballistics
34:49 Conscription
34:00 Heavy Scorpion
38:08 Chain Mail Armor
37:55 Squires
38:54 Forging
38:12 Elite Shotel Warrior
39:29 Fletching
40:11 Architecture
HaraKiri
6:59 Loom
9:11 Feudal Age
9:59 Double-Bit Axe
10:01 Horse Collar
18:44 Castle Age
17:58 Stone Mining
18:36 Bloodlines
19:38 Bow Saw
19:58 Heavy Plow
20:26 Bow Saw
20:33 Scale Barding Armor
20:38 Forging
20:35 Scale Barding Armor
21:09 Town Watch
21:59 Wheelbarrow
30:05 Imperial Age
28:29 Chain Barding Armor
28:45 Iron Casting
28:12 Husbandry
29:47 Hand Cart
29:46 Szlachta Privileges
30:53 Scale Mail Armor
30:17 Cavalier
33:34 Blast Furnace
36:31 Crop Rotation
39:05 Gold Mining
39:50 Stone Shaft Mining
Gờ Gờ
6:44 Loom
9:21 Feudal Age
9:58 Double-Bit Axe
9:54 Horse Collar
19:01 Castle Age
17:23 Scale Barding Armor
17:14 Gold Mining
18:43 Bloodlines
20:02 Bow Saw
20:44 Wheelbarrow
20:33 Husbandry
23:37 Forging
33:27 Imperial Age
31:59 Hand Cart
32:56 Gold Shaft Mining
32:12 Stone Mining
32:29 Heavy Plow
32:52 Chain Barding Armor
34:03 Iron Casting
34:47 Plate Barding Armor
35:48 Chemistry
35:50 Blast Furnace
35:16 Caravan
35:17 Elite Boyar
36:18 Conscription
36:41 Fortified Wall
40:12 Masonry
40:07 Fletching
HiddenZebra
10:13 Feudal Age
14:43 Castle Age
13:18 Double-Bit Axe
14:18 Horse Collar
15:38 Bow Saw
16:26 Loom
20:42 Wheelbarrow
21:32 Heavy Plow
24:08 Hand Cart
25:04 Gold Mining
27:48 Fletching
27:59 Padded Archer Armor
28:34 Ballistics
30:53 Imperial Age
28:27 Town Watch
29:02 Thumb Ring
28:56 Bodkin Arrow
29:04 Stone Mining
29:28 Husbandry
30:31 Leather Archer Armor
30:54 Masonry
30:54 Medical Corps
31:39 Bracer
31:10 Elite Elephant Archer
32:16 Conscription
34:03 Chemistry
33:34 Ring Archer Armor
33:38 Scale Mail Armor
33:48 Forging
33:00 Man-at-Arms
33:42 Squires
33:27 Arson
33:28 Gambesons
33:33 Heavy Scorpion
35:52 Man-at-Arms
37:00 Guilds
36:29 Siege Elephant
40:22 Chain Mail Armor
Connection lost

Rejoining the realm…

Still unreachable

The connection could not be restored.

Session expired

The server has moved on; the page needs a fresh start.